 Dungeon Crawl Stone Soup version 0.30-a0-1157-g2cc9ac7196 (webtiles) character file.

Game seed: 1566675088196535998

510 Darkkill the Shooter (level 6, -4/61 (82) HPs)
             Began as a Minotaur Hunter on Apr 24, 2023.
             Slain by Sigmund
             ... wielding a +0 scythe of draining
              (9 damage)
             ... on level 4 of the Dungeon.
             The game lasted 00:04:51 (3266 turns).

Darkkill the Shooter (Minotaur Hunter)              Turns: 3266, Time: 00:04:51

HP:   -4/61 (82)    AC:  5    Str: 14    XL:     6   Next: 98%
MP:   4/4           EV: 13    Int: 10    God:
Gold: 102           SH:  5    Dex: 15    Spells: 5/5 levels left

rFire   . . .        a - +0 shortbow (chaos)
rCold   . . .        (shield currently unavailable)
rNeg    . . .        c - +2 leather armour
rPois   .            (helmet restricted)
rElec   .            (no cloak)
rCorr   .            (no gloves)
SInv    .            (no boots)
Will    .....        g - amulet of reflection Stlth
                     (no ring)
HPRegen 0.30/turn    (no ring)
MPRegen 0.09/turn

%: reflection
@: berserking, very heavily drained, very quick
A: horns 2, retaliatory headbutt, clever 1, low MP 1
a: no special abilities


You were on level 4 of the Dungeon.
You visited 1 branch of the dungeon, and saw 4 of its levels.

You collected 171 gold pieces.
You spent 69 gold pieces at shops.

Inventory:

Hand Weapons
 a - a +0 shortbow of chaos (weapon)
Missiles
 d - 20 stones
 e - 3 datura-tipped darts
 i - 6 curare-tipped darts {=f !f}
Armour
 c - a +2 leather armour (worn)
Jewellery
 g - an amulet of reflection (around neck)
Scrolls
 b - a scroll of immolation
 k - a scroll of magic mapping
 n - a scroll of fear
 o - a scroll of identify {@r1}
Potions
 f - 2 potions of brilliance
 h - a potion of flight
 m - a potion of mutation


   Skills:
 + Level 4.9 Fighting
 + Level 6.0 Ranged Weapons
 + Level 4.5 Dodging
 + Level 3.2 Stealth


You had 5 spell levels left.
You didn't know any spells.
Your spell library contained the following spells:

 Spells                   Type           Power      Damage    Failure   Level
 Apportation              Tloc           0%         N/A       43%         1
 Necrotise                Necr           0%         1d4       43%         1
 Summon Small Mammal      Summ           0%         N/A       43%         1
 Poisonous Vapours        Pois/Air       0%         N/A       58%         2
 Mephitic Cloud           Conj/Pois/Air  0%         N/A       82%         3
 Freezing Cloud           Conj/Ice/Air   0%         6-21      100%        5


Dungeon Overview and Level Annotations

Branches:
Dungeon (4/15)
 Temple: D:4-7

Altars:
Dithmenos
Nemelex Xobeh

Shops:
D:2 *:(   D:4 [

Annotations:
D:4 Sigmund


Innate Abilities, Weirdness & Mutations

You have a pair of horns on your head.
You reflexively headbutt those who attack you in melee.
Your mind is acute. (Int +4, Str/Dex -1)
Your magical capacity is low. (-10% MP)


Message History

Press: ? - help, Q - select action, (/) - cycle Shift-Dir - straight line You shoot an arrow.
Fire: a) +0 shortbow (chaos)
Press: ? - help, Q - select action, (/) - cycle Shift-Dir - straight line You shoot an arrow.
Nothing appears to happen.
Fire: a) +0 shortbow (chaos)
Press: ? - help, Q - select action, (/) - cycle Shift-Dir - straight line You shoot an arrow.
Fire: a) +0 shortbow (chaos)
Press: ? - help, Q - select action, (/) - cycle Shift-Dir - straight line You shoot an arrow.
Fire: a) +0 shortbow (chaos)
Press: ? - help, Q - select action, (/) - cycle Shift-Dir - straight line You shoot an arrow.
Something hits you.
You feel drained.
Fire: a) +0 shortbow (chaos)
Press: ? - help, Q - select action, (/) - cycle Shift-Dir - straight line You shoot an arrow.
Something hits you!
You feel drained.
Fire: a) +0 shortbow (chaos)
Press: ? - help, Q - select action, (/) - cycle Shift-Dir - straight line You shoot an arrow.
You hear some strange, mumbled words.
You are confused.
Non-targeted confused fire: a) +0 shortbow (chaos)
Press: ? - help, Q - select action, (/) - cycle Dir - look around, f - activate You shoot an arrow.
Something hits you.
You feel drained.
Non-targeted confused fire: a) +0 shortbow (chaos)
Press: ? - help, Q - select action, (/) - cycle Dir - look around, f - activate You shoot an arrow.
Something hits you!
You feel drained.
Non-targeted confused fire: a) +0 shortbow (chaos)
Press: ? - help, Q - select action, (/) - cycle Dir - look around, f - activate You shoot an arrow.
Something hits you.
You feel drained.
Non-targeted confused fire: a) +0 shortbow (chaos)
Press: ? - help, Q - select action, (/) - cycle Dir - look around, f - activate You shoot an arrow.
Something barely misses you.
Non-targeted confused fire: a) +0 shortbow (chaos)
Press: ? - help, Q - select action, (/) - cycle Dir - look around, f - activate You shoot an arrow.
Non-targeted confused fire: a) +0 shortbow (chaos)
Press: ? - help, Q - select action, (/) - cycle Dir - look around, f - activate You shoot an arrow.
You feel less confused. Something hits you.
You feel drained.
Fire: a) +0 shortbow (chaos)
Press: ? - help, Q - select action, (/) - cycle Shift-Dir - straight line, f - you Really target yourself?
Okay, then.
Fire: a) +0 shortbow (chaos)
Press: ? - help, Q - select action, (/) - cycle Shift-Dir - straight line You shoot an arrow.
Something hits you!
You feel drained.
Fire: a) +0 shortbow (chaos)
Press: ? - help, Q - select action, (/) - cycle Shift-Dir - straight line You shoot an arrow.
Something hits you!
* * * LOW HITPOINT WARNING * * *
You feel drained.
* * * LOW HITPOINT WARNING * * *
Fire: a) +0 shortbow (chaos)
Press: ? - help, Q - select action, (/) - cycle Shift-Dir - straight line You shoot an arrow.
Something hits you.
* * * LOW HITPOINT WARNING * * *
You feel drained.
It was a potion of curing.
You feel better.
Fire: a) +0 shortbow (chaos)
Press: ? - help, Q - select action, (/) - cycle Shift-Dir - straight line You shoot an arrow.
Something hits you.
* * * LOW HITPOINT WARNING * * *
You feel drained.
You feel better. Something barely misses you.
You feel better.
Fire: a) +0 shortbow (chaos)
Press: ? - help, Q - select action, (/) - cycle Shift-Dir - straight line You shoot an arrow.
Something hits you!
You feel drained.
You hear some strange, mumbled words.
A puff of flame appears from out of thin air!
The puff of flame hits you!
* * * LOW HITPOINT WARNING * * *
You shoot an arrow. Something hits you!
* * * LOW HITPOINT WARNING * * *
You feel drained.
* * * LOW HITPOINT WARNING * * *
It was a potion of mutation.
You feel extremely strange.
You feel less energetic.
Your feet thicken and deform.
Your hooves expand and flesh out into feet!
You feel clever. Something barely misses you.
It was a potion of berserk rage.
A red film seems to cover your vision as you go berserk!
You feel yourself moving faster!
You feel mighty!
You miss something. Something hits you!
You die...

[........##### ###
########## ....... #
.§.#§. ########## §§§§§
.#.......## #§§§#
.#.#####..####§§§#
.#.##........#§§§#
.#.##.##.....#§§{###
.......#..##.#§§@#.####
..........##.#§§§#....#
.....).##.####§§§##...#
.......##.###§§§§§#...#
.......##.##.§§§......#
.......##....##..)....#
.###########.......####
.# #.####### .### #.#


There were no monsters in sight!

Vanquished Creatures
  An ice beast (D:4)
  A jelly (D:4)
  An orc priest (D:4)
  A gnoll bouda (D:4)
  A hound (D:4)
  Ijyb (D:3)
  2 orc wizards (D:4)
  8 gnolls
  5 adders
  A worm (D:3)
  2 dart slugs
  3 orcs (D:4)
  13 endoplasms
  5 giant cockroaches
  12 goblins
  5 hobgoblins
  9 jackals (D:2)
  6 kobolds
  3 quokkas (D:2)
  9 ball pythons
  6 bats
  3 frilled lizards
  7 rats
105 creatures vanquished.

Notes
Turn   | Place    | Note
-------+----------+-------------------------------------------
     0 | D:1      | Darkkill the Minotaur Hunter began the quest for the Orb.
     0 | D:1      | Reached XP level 1. HP: 18/18 MP: 0/0
    76 | D:1      | Reached skill level 1 in Stealth
   169 | D:1      | Reached XP level 2. HP: 25/25 MP: 1/1
   881 | D:2      | Reached XP level 3. HP: 27/31 MP: 2/2
  1114 | D:2      | Found Ruiz's Weapon Emporium.
  1135 | D:2      | Reached XP level 4. HP: 38/38 MP: 3/3
  1297 | D:2      | Reached skill level 5 in Ranged Weapons
  1529 | D:2      | Found Ojaulolau's Book Emporium.
  1537 | D:2      | Found Kalewk's Assorted Antiques.
  1545 | D:2      | Bought a scroll labelled BAYPPA OCHEISO for 23 gold pieces
  1545 | D:2      | Bought a scroll labelled HYHIL HALEPP for 23 gold pieces
  1545 | D:2      | Bought a scroll labelled BAYPPA OCHEISO for 23 gold pieces
  1708 | D:3      | Noticed Ijyb
  1719 | D:3      | Killed Ijyb
  1720 | D:3      | Reached XP level 5. HP: 37/46 MP: 4/4
  2305 | D:3      | Found a faded altar of an unknown god.
  2430 | D:4      | Found Idicuff's Armour Shop.
  2536 | D:4      | Found a shadowy altar of Dithmenos.
  2561 | D:4      | Reached XP level 6. HP: 43/52 MP: 5/5
  2759 | D:4      | Noticed an ice beast
  2767 | D:4      | Killed an ice beast
  3061 | D:4      | Found a sparkling altar of Nemelex Xobeh.
  3141 | D:4      | Reached skill level 6 in Ranged Weapons
  3239 | D:4      | Noticed Sigmund
  3255 | D:4      | HP: 7/46 [something (8)]
  3256 | D:4      | HP: 2/45 [something (2)]
  3263 | D:4      | HP: 4/42 [something (7)]
  3264 | D:4      | Gained mutation: Your magical capacity is low. (-10% MP)
                  | [potion of mutation]
  3264 | D:4      | Gained mutation: You have large cloven feet. [potion of
                  | mutation]
  3264 | D:4      | Lost mutation: You have large cloven feet. [potion of
                  | mutation]
  3264 | D:4      | Gained mutation: Your mind is acute. (Int +4, Str/Dex -1)
                  | [potion of mutation]
  3266 | D:4      | Slain by Sigmund

Illustrated notes

Levels and vault maps discovered:
D:1:      kennysheep_arrival_seaside, layout_basic, serial_curves,
          eino_curves_02, eino_curves_03
D:2:      minmay_razor_zed, layout_rooms, serial_shops, shop,
          nicolae_shop_dealshenge, nicolae_shop_statue_plus, minmay_surrounded
D:3:      layout_loops_cross, shapermc_ecumenical_altar_mp_vishouse, uniq_ijyb
D:4:      layout_loops_cross, mainiacjoe_overflow_six_doors_small,
          beargit_hepliaklqana_dungeon_heroes, lemuel_tele_altar, serial_shops,
          shop, serial_rivers, chequers_serial_rivers_room_b,
          chequers_serial_rivers_micro_c, chequers_serial_rivers_room_b,
          chequers_serial_rivers_micro_e, chequers_serial_rivers_marsh,
          chequers_serial_rivers_micro_e

Skill      XL: |  1  2  3  4  5  6 |
---------------+-------------------+-----
Stealth        | 1 2 3 |  3.2
Fighting       | 3 4 |  4.9
Dodging        | 3 4 |  4.5
Ranged Weapons | 5 6 |  6.0

Action                     |  1- 3 |  4- 6 || total
---------------------------+-------+-------++-------
  Melee: Shortbow          |       |     1 ||     1
   Fire: Shortbow          |   101 |   192 ||   293
    Use: Scroll            |     3 |    10 ||    13
         Potion            |       |     5 ||     5
 Armour: Leather armour    |    21 |    22 ||    43
  Dodge: Dodged            |    36 |    49 ||    85
  Block: Other             |       |    11 ||    11

Table legend: (Time is in decaauts)
 A = Elapsed time spent in this place.
 B = Non-inter-level travel time spent in this place.
 C = Inter-level travel time spent in this place.
 D = Time resting spent in this place.
 E = Time spent auto-exploring this place.
 F = Levels seen in this place.
 G = Mean time per level.
                   A        B        C        D        E       F      G
               +--------+--------+--------+--------+--------+-----+--------+
         Total |   3354 |   3256 |     98 |      2 |   2684 |   4 |  838.5 |
       Dungeon |   3354 |   3256 |     98 |      2 |   2684 |   4 |  838.5 |
               +--------+--------+--------+--------+--------+-----+--------+

Top non-repeatable levels by time:
     D:1: 897 daAuts
     D:4: 867 daAuts
     D:2: 858 daAuts
     D:3: 731 daAuts

Levels and vault maps discovered:
D:1:      kennysheep_arrival_seaside, layout_basic, serial_curves,
          eino_curves_02, eino_curves_03
D:2:      minmay_razor_zed, layout_rooms, serial_shops, shop,
          nicolae_shop_dealshenge, nicolae_shop_statue_plus, minmay_surrounded
D:3:      layout_loops_cross, shapermc_ecumenical_altar_mp_vishouse, uniq_ijyb
D:4:      layout_loops_cross, mainiacjoe_overflow_six_doors_small,
          beargit_hepliaklqana_dungeon_heroes, lemuel_tele_altar, serial_shops,
          shop, serial_rivers, chequers_serial_rivers_room_b,
          chequers_serial_rivers_micro_c, chequers_serial_rivers_room_b,
          chequers_serial_rivers_micro_e, chequers_serial_rivers_marsh,
          chequers_serial_rivers_micro_e

Table legend: (Time is in decaauts)
 A = Elapsed time spent in this place.
 B = Non-inter-level travel time spent in this place.
 C = Inter-level travel time spent in this place.
 D = Time resting spent in this place.
 E = Time spent auto-exploring this place.
 F = Levels seen in this place.
 G = Mean time per level.
                   A        B        C        D        E       F      G
               +--------+--------+--------+--------+--------+-----+--------+
         Total |   3354 |   3256 |     98 |      2 |   2684 |   4 |  838.5 |
       Dungeon |   3354 |   3256 |     98 |      2 |   2684 |   4 |  838.5 |
               +--------+--------+--------+--------+--------+-----+--------+

Top non-repeatable levels by time:
     D:1: 897 daAuts
     D:4: 867 daAuts
     D:2: 858 daAuts
     D:3: 731 daAuts

Table legend:
 A = Kills in this place as a percentage of kills in the entire game.
 B = Kills by you in this place as a percentage of kills by you in the entire game.
 C = Kills by friends in this place as a percentage of kills by friends in the entire game.
 D = Other kills in this place as a percentage of other kills in the entire game.
 E = Experience gained in this place as a percentage of experience gained in the entire game.
 F = Experience gained in this place divided by the number of levels of this place that you have seen.
                   A       B       C       D       E      F
               +-------+-------+-------+-------+-------+----------------------
         Total | 100.0 | 100.0 |   N/A |   N/A | 100.0 | 182.2
       Dungeon | 100.0 | 100.0 |   N/A |   N/A | 100.0 | 182.2
               +-------+-------+-------+-------+-------+----------------------
